 Dungeon Sprint DCSS version 0.30-a0-534-gdc55766716 (webtiles) character file.

Game seed: 7163549208285934497

46 rocky1 the Covered (level 3, -3/36 HPs)
             Began as a Minotaur Fighter on Dec 25, 2022.
             Slain by a wolf (7 damage)
             ... in the Dungeon (Sprint III: "The Ten Rune Challenge").
             The game lasted 00:00:26 (177 turns).

rocky1 the Covered (Minotaur Fighter)                Turns: 177, Time: 00:00:26

Health: -3/36      AC:  7    Str: 22    XL:     3   Next: 46%
Magic:  2/2        EV:  9    Int:  5    God:
Gold:   11         SH:  5    Dex:  9    Spells: 2/2 levels left

rFire   . . .      SeeInvis .    a - +0 flail
rCold   . . .      Faith    .    c - +0 buckler
rNeg    . . .      Spirit   .    b - +0 scale mail
rPois   .          Reflect  .    (helmet restricted)
rElec   .          Harm     .    (no cloak)
rCorr   .          Rampage  .    (no gloves)
Will    .....      NoTele   +    (no boots) Stlth
                                 (no amulet)
HPRegen 0.26/turn                (no ring)
MPRegen 0.08/turn                (no ring)

@: no status effects
A: horns 2, retaliatory headbutt
a: no special abilities


You were in the Dungeon.
You visited 1 branch You collected 11 gold pieces.

Inventory:

Hand Weapons
 a - a +0 flail (weapon)
Armour
 b - a +0 scale mail (worn)
 c - a +0 buckler (worn)
Scrolls
 j - a scroll of blinking
Potions
 d - a potion of might
 e - a potion of curing
 f - a potion of heal wounds
 g - a potion of haste
 h - 2 potions of magic
 i - a potion of berserk rage


   Skills:
 + Level 5.5 Fighting
 + Level 4.0 Maces & Flails
 + Level 5.9 Armour
 + Level 0.2 Dodging
 + Level 5.6 Shields


You had 2 spell levels left.
You didn't know any spells.
Your spell library was empty.

Dungeon Overview and Level Annotations

Branches:
Dungeon (1/1)

Altars:


Innate Abilities, Weirdness & Mutations

You have a pair of horns on your head.
You reflexively headbutt those who attack you in melee.


Message History

The wolf barely misses you. You block the wolf's attack.
You barely miss the wolf.
The wolf is moderately wounded.
The wolf bites you but does no damage. The wolf barely misses you.
You miss the wolf.
The wolf is moderately wounded.
The wolf barely misses you. x2
You closely miss the wolf.
The wolf is moderately wounded.
The wolf bites you! The wolf bites you.
You closely miss the wolf. Your headbutt misses the wolf.
The wolf is moderately wounded.
The wolf bites you. x2
You hit the wolf but do no damage. Your headbutt misses the wolf.
The wolf is moderately wounded.
The wolf bites you but does no damage. The wolf bites you.
You barely miss the wolf. Your headbutt misses the wolf.
The wolf is moderately wounded.
The wolf bites you. x2
You miss the wolf.
The wolf is moderately wounded.
The wolf bites you but does no damage. The wolf barely misses you.
You block the wolf's attack.
You miss the wolf.
The wolf is moderately wounded.
The wolf bites you. You block the wolf's attack.
You miss the wolf.
The wolf is moderately wounded.
The wolf closely misses you. You furiously retaliate!
You headbutt the wolf. The wolf bites you but does no damage.
You hit the wolf but do no damage. Your headbutt misses the wolf.
The wolf is almost dead.
You block the wolf's attack. The wolf bites you.
* * * LOW HITPOINT WARNING * * *
You miss the wolf. Your headbutt misses the wolf.
The wolf is almost dead.
The wolf bites you.
* * * LOW HITPOINT WARNING * * *
The wolf bites you!
You die...

▓...#......##
▓..##...†...# .#
▓##.##.##...# .#
##.##.###..# ..#
▓#.####.##..# ...+
▓.###..##.)##
#...# ▓#.....##..#
#....#
###..##...##.....#
##..##....#@h....#
#..###..##.#.....#
#|.# #.. ####....#
▓▓▓▓ ▓▓▓ ▓▓▓▓▓


You could see a wolf.

Vanquished Creatures
  Jessica (D)
  A human (D)
  An endoplasm (D)
  2 rats (D)
5 creatures vanquished.

Notes
Turn   | Place    | Note
-------+----------+-------------------------------------------
     0 | D        | rocky1 the Minotaur Fighter began the quest for the Orb.
     0 | D        | Reached XP level 1. HP: 19/19 MP: 0/0
    39 | D        | Noticed Jessica
    46 | D        | Killed Jessica
    47 | D        | Reached skill level 5 in Fighting
    47 | D        | Reached skill level 5 in Armour
    47 | D        | Reached skill level 5 in Shields
    47 | D        | Reached XP level 2. HP: 18/29 MP: 1/1
    47 | D        | Reached XP level 3. HP: 22/36 MP: 2/2
   177 | D        | Slain by a wolf

Illustrated notes

Levels and vault maps discovered:
D:        dungeon_sprint_mu [sprint_mu_entry_cave, sprint_mu_temple_rooms,
          sprint_mu_d1_spiders, sprint_mu_d2_genie, sprint_mu_d3_branching,
          sprint_mu_orc_legion, sprint_mu_elf_gauntlet, sprint_mu_hive_nellie,
          sprint_mu_lair_fedhas, sprint_mu_vaults_butterflies,
          sprint_mu_slime_circle, sprint_mu_swamp_cave, sprint_mu_snake_twists,
          sprint_mu_blade_basic, sprint_mu_crypt_lich, sprint_mu_tomb_spiral,
          sprint_mu_vestibule_basic, sprint_mu_gehenna_hellfire,
          sprint_mu_dis_giant, sprint_mu_tartarus_statrot,
          sprint_mu_cocytus_islands, sprint_mu_zot1]

Skill      XL: |  1  2  3 |
---------------+----------+-----
Fighting       | 5 |  5.5
Armour         | 5 |  5.9
Shields        | 5 |  5.6
Maces & Flails | 3 4 |  4.0
Dodging        | |  0.2

Action                   || total
-------------------------++-------
Melee: Flail             ||    33
       Headbutt          ||     5
Armor: Scale mail        ||     4
Dodge: Dodged            ||    11
Block: Buckler           ||    11

Table legend: (Time is in decaauts)
 A = Elapsed time spent in this place.
 B = Non-inter-level travel time spent in this place.
 C = Inter-level travel time spent in this place.
 D = Time resting spent in this place.
 E = Time spent auto-exploring this place.
 F = Levels seen in this place.
 G = Mean time per level.
                   A        B        C        D        E       F      G
               +--------+--------+--------+--------+--------+-----+--------+
         Total |    191 |    191 |      0 |     98 |     26 |   1 |  191.0 |
       Dungeon |    191 |    191 |      0 |     98 |     26 |   1 |  191.0 |
               +--------+--------+--------+--------+--------+-----+--------+

Top non-repeatable levels by time:
       D: 191 daAuts
